 Dungeon Sprint DCSS version 0.26-a0-812-g31a745ddcd (webtiles) character file.

Game seed: 4264212226414457593

8138 tsouns the Brawler (level 11, 0/127 HPs)
             Began as a Troll Berserker on Dec 6, 2020.
             Was the Champion of Trog.
             Slain by an orc warrior
             ... wielding a +0 battleaxe
              (20 damage)
             ... in the Dungeon (Sprint IX: "|||||||||||||||||||||||||||||").
             The game lasted 00:04:55 (1237 turns).

tsouns the Brawler (Troll Berserker)                Turns: 1237, Time: 00:04:56

Health: 0/127      AC:  7    Str: 36    XL:     11   Next: 6%
Magic:  10/10      EV: 15    Int:  3    God:    Trog [******]
Gold:   668        SH:  0    Dex:  9    Spells: 10/10 levels left

rFire    . . .     SeeInvis .     - Unarmed
rCold    . . .     Faith    .   (no shield)
rNeg     . . .     Spirit   .   a - +0 animal skin
rPois    .         Reflect  .   (helmet restricted)
rElec    .         Harm     .   k - +0 cloak
rCorr    .         Rampage  .   (gloves unavailable)
MR       .....     NoTele   +   (boots unavailable)
Stlth    +.........             (no amulet)
HPRegen  0.71/turn              l - +3 ring of strength
MPRegen  0.12/turn              m - +3 ring of strength

@: berserk cooldown, slowed, very slow
A: large, unfitting armour, claws 3, regeneration 1, shaggy fur 1, tough skin 3
a: Berserk, Trog's Hand, Brothers in Arms, Renounce Religion


You were in the Dungeon.
You worshipped Trog.
Trog was exalted by your worship.
You visited 1 branch You collected 668 gold pieces.

Inventory:

Armour
 a - a +0 animal skin (worn)
 k - a +0 cloak (worn)
Jewellery
 l - a +3 ring of strength (left claw)
 m - a +3 ring of strength (right claw)
Wands
 j - a wand of acid (10)
Scrolls
 g - 2 scrolls of blinking
 i - 5 scrolls of remove curse
 q - 2 scrolls of fear
 r - 2 scrolls of enchant armour
 s - a scroll of holy word
Potions
 b - 8 potions of curing
 c - 3 potions of heal wounds
 d - 2 potions of haste
 e - 3 potions of magic
 f - a potion of berserk rage
 h - a potion of invisibility
 n - a potion of resistance
 o - a potion of flight
 p - a potion of attraction
 t - a potion of brilliance {unknown}


   Skills:
 + Level 13.2 Fighting
 + Level 13.2 Dodging
 + Level 15.3 Unarmed Combat


You had 10 spell levels left.
You didn't know any spells.
Your spell library was empty.

Dungeon Overview and Level Annotations

Branches:
Dungeon (1/1)

Altars:
Cheibriados
Dithmenos
Elyvilon
Fedhas
Gozag
Hepliaklqana
Kikubaaqudgha
Makhleb
Nemelex Xobeh
Okawaru
Qazlal
Ru
Sif Muna
Trog
Uskayaw
Vehumet
Wu Jian
Xom
Yredelemnul
Zin
The Shining One
Beogh
Jiyva
Lugonu

Annotations:
D Maurice


Innate Abilities, Weirdness & Mutations

You are too large for most types of armour.
You have claws for hands.
Your natural rate of healing is unusually fast.
You are covered in fur. (AC +1)
You have extremely tough skin. (AC +3)


Message History

You are no longer berserk.
You are exhausted.
You feel yourself slow down.
The orc warrior hits you with a +0 battleaxe.
* * * LOW HITPOINT WARNING * * *
Items here: $ ) [ †.
You closely miss the orc warrior. You barely miss the orc warrior.
Your claw misses the orc warrior. The orc warrior closely misses you.
You barely miss the orc warrior. The orc warrior barely misses you.
You closely miss the orc warrior.
The orc warrior hits you with a +0 battleaxe!
* * * LOW HITPOINT WARNING * * *
You barely miss the orc warrior. The orc warrior barely misses you.
You barely miss the orc warrior.
You scratch the orc warrior but do no damage.
The orc warrior barely misses you.
You scratch the orc warrior but do no damage.
The orc warrior hits you with a +0 battleaxe!!
You die...

▓_▓.▓.▓.▓.▓
▓_▓.▓.▓.▓.▓
▓_▓.▓.▓.▓'▓
▓_▓.▓.▓.▓)▓
▓_▓.▓.▓.▓)▓
▓_▓.▓.▓.▓)▓
▓_▓.▓)▓.▓)▓
▓_▓.▓†▓.▓)▓
▓_▓.▓.▓.▓@▓
▓_▓.▓.▓.▓o▓
▓_▓.▓.▓.▓o▓
▓_▓.▓.▓.▓o▓
▓_▓.▓.▓.▓o▓
▓_▓.▓.▓.▓.▓
▓_▓.▓.▓.▓.▓
▓_▓.▓.▓.▓+▓
▓'▓.▓†▓.▓


You could see 4 orc warriors.

Vanquished Creatures
  A two-headed ogre (D)
  A black mamba (D)
  8 cane toads (D)
  A gargoyle (D)
  2 komodo dragons (D)
  A troll (D)
  3 blink frogs (D)
  A wyvern (D)
  Eustachio (D)
  4 yaks (D)
  Grum (D)
  A vampire mosquito (D)
  5 water moccasins (D)
  9 orc warriors (D)
  A sky beast (D)
  A phantom (D)
  2 wolves (D)
  2 bullfrogs (D)
  A howler monkey (D)
  A jelly (D)
  3 orc priests (D)
  An iguana (D)
  4 orc wizards (D)
  A worker ant (D)
  An adder (D)
  2 adder skeletons (D)
  A leopard gecko (D)
  7 orcs (D)
  A giant cockroach (D)
  2 hobgoblins (D)
  A frilled lizard (D)
  A kobold (D)
  A rat (D)
73 creatures vanquished.

Notes
Turn   | Place    | Note
-------+----------+-------------------------------------------
     0 | D        | tsouns the Troll Berserker began the quest for the Orb.
     0 | D        | Reached XP level 1. HP: 22/22 MP: 0/0
    14 | D        | Reached ** piety under Trog
    38 | D        | Noticed a sky beast
    38 | D        | Noticed a worker ant
    49 | D        | Killed a sky beast
    49 | D        | Reached skill level 5 in Unarmed Combat
    49 | D        | Reached XP level 2. HP: 16/33 MP: 1/1
    49 | D        | Reached XP level 3. HP: 19/41 MP: 2/2
    49 | D        | Reached XP level 4. HP: 23/49 MP: 3/3
    56 | D        | Reached *** piety under Trog
    56 | D        | Reached skill level 5 in Fighting
    56 | D        | Reached skill level 5 in Dodging
    56 | D        | Reached skill level 6 in Unarmed Combat
   124 | D        | Found a roughly hewn altar of Beogh.
   124 | D        | Found a snail-covered altar of Cheibriados.
   124 | D        | Found a shadowy altar of Dithmenos.
   124 | D        | Found a white marble altar of Elyvilon.
   124 | D        | Found a blossoming altar of Fedhas.
   124 | D        | Found an opulent altar of Gozag.
   125 | D        | Found a hazy altar of Hepliaklqana.
   126 | D        | Found a viscous altar of Jiyva.
   127 | D        | Found an ancient bone altar of Kikubaaqudgha.
   128 | D        | Found a corrupted altar of Lugonu.
   129 | D        | Found a burning altar of Makhleb.
   130 | D        | Found a sparkling altar of Nemelex Xobeh.
   131 | D        | Found an iron altar of Okawaru.
   132 | D        | Found a stormy altar of Qazlal.
   133 | D        | Found a sacrificial altar of Ru.
   134 | D        | Found a shimmering blue altar of Sif Muna.
   135 | D        | Found a bloodstained altar of Trog.
   136 | D        | Found a hide-covered altar of Uskayaw.
   137 | D        | Found a radiant altar of Vehumet.
   138 | D        | Found an ornate altar of the Wu Jian Council.
   139 | D        | Found a shimmering altar of Xom.
   140 | D        | Found a basalt altar of Yredelemnul.
   141 | D        | Found a glowing silver altar of Zin.
   142 | D        | Found a glowing golden altar of the Shining One.
   176 | D        | Noticed a two-headed ogre
   176 | D        | Noticed a phantom
   176 | D        | Noticed an orc warrior
   176 | D        | Noticed an orc warrior
   181 | D        | Killed a two-headed ogre
   181 | D        | Reached **** piety under Trog
   181 | D        | Reached skill level 10 in Unarmed Combat
   181 | D        | Reached XP level 5. HP: 66/66 MP: 4/4
   181 | D        | Reached XP level 6. HP: 74/74 MP: 5/5
   181 | D        | Reached XP level 7. HP: 80/81 MP: 6/6
   195 | D        | Reached XP level 8. HP: 76/92 MP: 7/7
   201 | D        | Reached ***** piety under Trog
   260 | D        | Noticed a gargoyle
   260 | D        | Noticed a troll
   263 | D        | Killed a gargoyle
   263 | D        | Reached skill level 11 in Unarmed Combat
   276 | D        | Killed a troll
   276 | D        | Received a gift from Trog
   276 | D        | Reached skill level 10 in Dodging
   333 | D        | Noticed Maurice
   610 | D        | Noticed a cane toad
   615 | D        | Reached skill level 10 in Fighting
   618 | D        | Reached XP level 9. HP: 101/101 MP: 8/8
   620 | D        | Killed a cane toad
   620 | D        | Reached skill level 12 in Unarmed Combat
   621 | D        | Noticed a cane toad
   624 | D        | Noticed a komodo dragon
   633 | D        | Killed a cane toad
   644 | D        | Killed a komodo dragon
   644 | D        | Received a gift from Trog
   644 | D        | Reached skill level 13 in Unarmed Combat
   775 | D        | Noticed a komodo dragon
   775 | D        | Noticed a black mamba
   775 | D        | Noticed a cane toad
   778 | D        | Killed a komodo dragon
   782 | D        | Killed a black mamba
   782 | D        | Reached XP level 10. HP: 114/114 MP: 9/9
   786 | D        | Killed a cane toad
   790 | D        | Reached ****** piety under Trog
   790 | D        | Reached skill level 14 in Unarmed Combat
   793 | D        | Received a gift from Trog
   902 | D        | Noticed a cane toad
   902 | D        | Noticed a cane toad
   902 | D        | Noticed a cane toad
   902 | D        | Noticed a cane toad
   906 | D        | Killed a cane toad
   907 | D        | Killed a cane toad
   911 | D        | Killed a cane toad
   915 | D        | Noticed a cane toad
   916 | D        | Killed a cane toad
   922 | D        | Killed a cane toad
   922 | D        | Received a gift from Trog
  1031 | D        | Noticed Eustachio
  1037 | D        | Killed Eustachio
  1041 | D        | Noticed Grum
  1046 | D        | Killed Grum
  1046 | D        | Reached skill level 15 in Unarmed Combat
  1053 | D        | Received a gift from Trog
  1112 | D        | Received a gift from Trog
  1209 | D        | Reached XP level 11. HP: 91/127 MP: 10/10
  1222 | D        | Received a gift from Trog
  1237 | D        | Slain by an orc warrior

Illustrated notes

Levels and vault maps discovered:
D:        linesprint [early_d, line_temple, items_1, d_10, items_2, lair_1,
          lair_end, items_3, orc_1, orc_end, items_4, d_15, swamp_1, shoals_1,
          snake_1, spider_1, d_20, vaults_1, items_5, swamp_end, shoals_end,
          snake_end, spider_end, vaults_end, d_27, items_6, zot_1, zot_end,
          crypt_end, forest_end, elf_end, slime_end, tomb_end, abyss_end,
          pan_hell_end]

Skill      XL: |  1  2  3  4  5  6  7  8  9 10 |
---------------+-------------------------------+-----
Fighting       | 4 8 9 10 11 13 | 13.2
Dodging        | 4 8 9 10 11 13 | 13.2
Unarmed Combat | 5 10 11 13 15 | 15.3

Action                   |  1- 3 |  4- 6 |  7- 9 | 10-12 || total
-------------------------+-------+-------+-------+-------++-------
Melee: Unarmed           |    26 |    14 |    73 |   112 ||   225
       Punch             |       |     1 |     6 |     5 ||    12
Invok: Berserk           |     1 |     1 |     3 |     2 ||     7
Armor: Animal skin       |     6 |       |     7 |     7 ||    20
Dodge: Dodged            |    10 |     6 |    26 |    44 ||    86

Table legend: (Time is in decaauts)
 A = Elapsed time spent in this place.
 B = Non-inter-level travel time spent in this place.
 C = Inter-level travel time spent in this place.
 D = Time resting spent in this place.
 E = Time spent auto-exploring this place.
 F = Levels seen in this place.
 G = Mean time per level.
                   A        B        C        D        E       F      G
               +--------+--------+--------+--------+--------+-----+--------+
         Total |   1231 |   1231 |      0 |    142 |    568 |   1 | 1231.0 |
       Dungeon |   1231 |   1231 |      0 |    142 |    568 |   1 | 1231.0 |
               +--------+--------+--------+--------+--------+-----+--------+

Top non-repeatable levels by time:
       D: 1231 daAuts
